 Dungeon Crawl Stone Soup version 0.28.0-47-ge53b351184 (webtiles) character file.

Game seed: 1024457681632955327

108 firemarshallily the Twirler (level 4, 0/34 HPs)
             Began as a Demonspawn Gladiator on Apr 28, 2022.
             Was a Believer of Nemelex Xobeh.
             Killed by divine providence
             ... invoked by an orc priest
              (12 damage)
             ... on level 4 of the Dungeon.
             The game lasted 00:11:12 (2776 turns).

firemarshallily the Twirler (Demonspawn Gladiator)  Turns: 2776, Time: 00:11:13

Health: 0/34       AC:  7    Str: 16    XL:     4   Next: 58%
Magic:  4/4        EV: 13    Int:  9    God:    Nemelex Xobeh [**....]
Gold:   174        SH:  0    Dex: 15    Spells: 2/3 levels left

rFire   . . .      SeeInvis .   a - +0 quarterstaff
rCold   . . .      Faith    .   (shield currently unavailable)
rNeg    . . .      Spirit   .   b - +1 leather armour
rPois   .          Reflect  .   (helmet restricted)
rElec   .          Harm     .   (no cloak)
rCorr   .          Rampage  .   (no gloves)
Will    .....                   i - +2 pair of boots
Stlth   +.........              (no amulet)
HPRegen 0.11/turn               (no ring)
MPRegen 0.09/turn               (no ring)

@: no status effects
A: antennae 1, sturdy frame 1
a: Renounce Religion, Draw Escape, Draw Destruction, Draw Summoning


You were on level 4 of the Dungeon.
You worshipped Nemelex Xobeh.
Nemelex Xobeh was pleased with you.
You visited 1 branch of the dungeon, and saw 4 of its levels.

You collected 174 gold pieces.

Inventory:

Hand Weapons
 a - a +0 quarterstaff (weapon)
Missiles
 d - 3 throwing nets
 f - 2 poisoned darts
 l - 99 stones (quivered)
Armour
 b - a +1 leather armour (worn)
 i - a +2 pair of boots (worn)
 k - a +0 ring mail
 o - a +0 chain mail
Magical Staves
 j - a staff of air
Jewellery
 g - a ring of fire
Potions
 c - a potion of haste
 e - 2 potions of heal wounds
 h - a potion of cancellation {unknown}
 m - a potion of flight {unknown}


   Skills:
 + Level 2.9 Fighting
 + Level 3.3 Staves
 - Level 2.7 Throwing
 * Level 0.0 Armour
 - Level 3.3 Dodging


You had 2 spell levels left.
You knew the following spells:

 Your Spells              Type           Power      Damage    Failure   Level
a - Summon Small Mammal   Summ           0%         N/A       38%         1

Your spell library contained the following spells:

 Spells                   Type           Power      Damage    Failure   Level
 Corpse Rot               Necr/Air       0%         N/A       54%         2
 Poisonous Vapours        Pois/Air       0%         N/A       54%         2
 Call Canine Familiar     Summ           0%         N/A       77%         3
 Stone Arrow              Conj/Erth      0%         3d7       77%         3
 Summon Guardian Golem    Hex/Summ       0%         N/A       77%         3
 Tukima's Dance           Hex            0%         N/A       77%         3
 Anguish                  Hex/Necr       0%         N/A       99%         4
 Animate Armour           Summ/Erth      0%         N/A       99%         4
 Enfeeble                 Hex            0%         N/A       100%        7
 Malign Gateway           Summ/Tloc      0%         N/A       100%        7
 Lehudib's Crystal Spear  Conj/Erth      0%         10d2      100%        8
 Summon Horrible Things   Summ           0%         N/A       100%        8


Dungeon Overview and Level Annotations

Branches:
Dungeon (4/15)
 Temple: D:4-7

Altars:
Fedhas
Nemelex Xobeh


Innate Abilities, Weirdness & Mutations

You have a pair of small antennae on your head.
Your movements are slightly less encumbered by armour. (ER -2)


Message History

The ball python barely misses you. The ball python constricts you.
You hit the ball python but do no damage.
The ball python is severely wounded.
The ball python bites you but does no damage.
The ball python constricts you. The ball python barely misses you.
The ball python constricts you.
You closely miss the ball python.
The ball python is severely wounded.
The ball python closely misses you. The ball python constricts you.
You hit the ball python.
You kill the ball python!
Things that are here:
a +0 mace; a +0 ring mail You start resting.
HP restored.
k - a +0 ring mail You see here a +0 club.
There is a stone staircase leading down here.
You climb downwards.
There is a stone staircase leading up here.
An orc wizard and an orc come into view.
A goblin, 3 orcs and an adder skeleton come into view.
Found a spear.
The orc wizard shouts! x2; The orc shouts! x2; The goblin shouts!
The orc wizard gestures wildly while chanting.
The orc wizard flickers and vanishes!
Deactivating autopickup; reactivate with Ctrl-A.
The orc priest shouts!
The orc priest mumbles some strange prayers to Beogh against you.
Beogh smites you!
The orc wizard hits you but does no damage.
You miss the orc wizard.
The orc wizard gestures at you while chanting.
The puff of flame hits you!
You hit the orc wizard.
The orc wizard is moderately wounded.
The orc priest invokes the aid of Beogh against you.
Beogh smites you!
You die...
Your body glows slightly and disappears.

.....#......g#.
#.............
#.o######.
#.o.......
##.####### #g#
. . #o# . . #
#.##o# #+#.#.#
#.##@# ..#..
#.##.# ....
#.##.# ..#
#.##.# .o#
#.##.# .o#
#.#..# ....#
#<#.## #...#
#.#.######
#..>#
#..........


You could see an orc priest, an orc wizard, 2 orcs and a goblin.

Vanquished Creatures
  4 adders
  A worm (D:2)
  3 orcs (D:3)
  5 ball pythons
  6 endoplasms
  2 giant cockroaches (D:1)
  5 hobgoblins
  3 jackals (D:1)
  2 quokkas
  7 bats
  3 frilled lizards
  9 goblins
  5 kobolds
  5 rats
60 creatures vanquished.

Notes
Turn   | Place    | Note
-------+----------+-------------------------------------------
     0 | D:1      | firemarshallily the Demonspawn Gladiator began the quest
                  | for the Orb.
     0 | D:1      | Reached XP level 1. HP: 16/16 MP: 1/1
   247 | D:1      | Found a faded altar of an unknown god.
   251 | D:1      | Prayed at the altar of an unknown god.
   251 | D:1      | Became a worshipper of Nemelex Xobeh the Trickster
   251 | D:1      | Reached * piety under Nemelex Xobeh
   251 | D:1      | Received a gift from Nemelex Xobeh
   270 | D:1      | Gained mutation: Your movements are slightly less
                  | encumbered by armour. (ER -2) [demonic ancestry]
   270 | D:1      | Reached XP level 2. HP: 13/22 MP: 2/2
   368 | D:1      | Learned a level 1 spell: Summon Small Mammal
   502 | D:1      | You fall into a shaft and drop 1 floor!
   879 | D:1      | Reached XP level 3. HP: 27/28 MP: 3/3
  1085 | D:2      | Reached ** piety under Nemelex Xobeh
  1927 | D:3      | Found a blossoming altar of Fedhas.
  1963 | D:3      | Gained mutation: You have a pair of small antennae on your
                  | head. [demonic ancestry]
  1963 | D:3      | Reached XP level 4. HP: 34/34 MP: 4/4
  2230 | D:3      | Received a gift from Nemelex Xobeh
  2776 | D:4      | Killed from afar by an orc priest

Illustrated notes

Levels and vault maps discovered:
D:1:      eino_arrival_cavern_a, layout_basic, ebering_ecumenical_altar_box
D:2:      layout_loops_ring
D:3:      layout_loops_cross, mainiacjoe_overflow_concentric_impassable
D:4:      layout_basic, overflow_temple_1_default

Skill      XL: |  1  2 |
---------------+-------+-----
Throwing       | 2 |  2.7
Staves         | 3 |  3.3
Dodging        | 3 |  3.3
Fighting       | |  2.9

Action                   |  1- 3 |  4- 6 || total
-------------------------+-------+-------++-------
Melee: Quarterstaff      |   102 |    57 ||   159
Throw: Stone             |       |     6 ||     6
  Use: Scroll            |     1 |     3 ||     4
 Stab: Sleeping          |     2 |     1 ||     3
Armor: Leather armour    |    29 |    26 ||    55
Dodge: Dodged            |    63 |    53 ||   116
